 Dungeon Crawl Stone Soup version 0.29.0-4-gdea44cf6ec (webtiles) character file.

Game seed: 2460464925428869814

92 qw the Caller (level 4, -4/36 HPs)
             Began as a Ghoul Summoner on Sept 10, 2022.
             Slain by a gnoll
             ... wielding a +0 halberd
             ... led by a gnoll bouda
              (11 damage)
             ... on level 4 of the Dungeon.
             The game lasted 00:01:08 (3911 turns).

qw the Caller (Ghoul Summoner)                      Turns: 3911, Time: 00:01:08

Health: -4/36      AC: 10    Str: 13    XL:     4   Next: 60%
Magic:  5/5        EV:  3    Int: 10    God:
Gold:   222        SH:  0    Dex:  9    Spells: 5/6 levels left

rFire   . . .      SeeInvis .   Y - +2 war axe
rCold   + . .      Faith    .   (no shield)
rNeg    + + +      Spirit   .   c - +0 plate armour
rPois   inf        Reflect  .   (no helmet)
rElec   .          Harm     .   (no cloak)
rCorr   .          Rampage  .   (no gloves)
Will    .....                   (no boots)
Stlth   ..........              (no amulet)
HPRegen 0.00/turn               (no ring)
MPRegen 0.09/turn               (no ring)

@: inhibited regen
A: claws 1, cold resistance 1, negative energy resistance 3, inhibited
regeneration, torment resistance 2, devour on kill
a: no special abilities


You were on level 4 of the Dungeon.
You visited 1 branch of the dungeon, and saw 4 of its levels.

You collected 222 gold pieces.


Innate Abilities, Weirdness & Mutations

You are immune to poison.
You have sharp fingernails.
Your flesh is cold resistant. (rC+)
You are immune to negative energy. (rN+++)
You do not regenerate when monsters are visible.
You are immune to unholy pain and torment.
You thrive by killing the living.


   Skills:
 - Level 2.0 Fighting
 + Level 2.8 Axes
 - Level 1.0 Armour
 - Level 1.7 Dodging
 - Level 2.1 Stealth
 - Level 1.7 Spellcasting
 - Level 3.6 Summonings


You had 5 spell levels left.
You knew the following spells:

 Your Spells              Type           Power      Damage    Failure   Level
a - Summon Small Mammal   Summ           32%        N/A       100%        1

Your spell library contained the following spells:

 Spells                   Type           Power      Damage    Failure   Level
 Call Imp                 Summ           8%         N/A       100%        2
 Call Canine Familiar     Summ           8%         N/A       100%        3
 Summon Guardian Golem    Hex/Summ       4%         N/A       100%        3
 Summon Lightning Spire   Summ/Air       4%         N/A       100%        4

Inventory:

Hand Weapons
 g - a +0 mace
 Y - a +2 war axe (weapon)
Missiles
 e - 2 boomerangs of dispersal
 i - 6 javelins (quivered)
Armour
 c - a +0 plate armour (worn)
Scrolls
 h - 2 scrolls of teleportation
Potions
 a - 2 potions of curing
 f - a potion of invisibility {unknown}
 k - a potion of attraction {unknown}
 l - a potion of heal wounds {unknown}
 m - a potion of degeneration {unknown}

Dungeon Overview and Level Annotations

Branches:
Dungeon (4/15)
 Temple: D:4-7

Altars:


Message History

Throw: 6 javelins
Press: ? - help, Q - select action, (/) - cycle Shift-Dir - straight line, f - ball python You throw a javelin.
The javelin pierces through the ball python.
You kill the ball python!
i - 6 javelins (gained 1)
A gnoll bouda and 3 gnolls come into view.
The gnoll bouda shouts!
The gnoll shouts! x2
The gnoll bouda gazes fiercely through you!
You feel your attacks grow feeble.
Enter note: A gnoll comes into view. It is wielding a +0 flail.
The gnoll shouts!
The gnoll barely misses you.
The gnoll bouda barks out a call to the hunt!
The gnolls pick up the pace!
The gnoll hits you but does no damage.
You hit the gnoll.
The gnoll is moderately wounded.
The gnoll hits you with a +0 whip.
You barely miss the gnoll.
The gnoll is moderately wounded.
You barely miss the gnoll.
The gnoll hits you but does no damage. x4
You hit the gnoll.
The gnoll is severely wounded.
You closely miss the gnoll bouda. You hit the gnoll.
Your attacks no longer feel as feeble.
The gnoll bouda hits you with a +0 club.
The gnoll barely misses you. The gnoll hits you with a +0 whip.
The gnoll hits you with a +0 spear.
The gnoll bouda hits you but does no damage.
The gnoll hits you but does no damage.
You barely miss the gnoll.
The gnoll is severely wounded.
You hit the gnoll bouda. You barely miss the gnoll.
The gnoll hits you with a +0 whip. The gnoll hits you with a +0 spear.
The gnoll bouda hits you with a +0 club.
The gnoll hits you from afar with a +0 halberd!
You die...

### #.# ## ##.###.# ..
.# ##...##.# ..# .#
#....##.# ## ..# ##
#.....#.# #.####..# #
#.....#.# #...#..# #
##.......# .g...#
#..%.....## #ggg.#
#.........###@g..##
####..........##.....##
......................#
..###.........##......#
### #........####.....#
##.......# #...##
##......# ##..#
##.....# #..# #####
#..#### #..


You could see a gnoll bouda and 4 gnolls.

Vanquished Creatures
  3 adders
  2 worms
  4 dart slugs
  3 ball pythons
  3 endoplasms
  2 giant cockroaches (D:1)
  5 goblins
  3 hobgoblins
  2 jackals (D:1)
  3 quokkas
  2 bats
  5 kobolds
  A rat (D:2)
38 creatures vanquished.

Vanquished Creatures (collateral kills)
  2 endoplasms
  A goblin (D:1)
  2 ball pythons (D:2)
  2 bats
  3 frilled lizards
  2 kobolds
  2 rats (D:1)
14 creatures vanquished.

Grand Total: 52 creatures vanquished

Notes
Turn   | Place    | Note
-------+----------+-------------------------------------------
     0 | D:1      | qw the Ghoul Summoner began the quest for the Orb.
     0 | D:1      | Reached XP level 1. HP: 14/14 MP: 2/2
     0 | D:1      | 0 ||| qw: Version: 0.1-a-116-g5d60599
     0 | D:1      | 0 ||| qw: Game counter: 7424
     0 | D:1      | 0 ||| qw: Always use a shield: true
     0 | D:1      | 0 ||| qw: God list: Okawaru
     0 | D:1      | 0 ||| qw: Allow faded altars: false
     0 | D:1      | 0 ||| qw: Do Orc after D:15 true
     0 | D:1      | 0 ||| qw: Do second Lair branch before Depths: true
     0 | D:1      | 0 ||| qw: Lair rune preference: random
     0 | D:1      | 0 ||| qw: Plans: Normal
     0 | D:1      | 0 ||| PLANNING D:1-11
    49 | D:1      | 49 ||| Wielding weapon +0 war axe.
    72 | D:1      | 72 ||| CASTING Summon Small Mammal
    73 | D:1      | 73 ||| CASTING Summon Small Mammal
   115 | D:1      | 115 ||| CASTING Summon Small Mammal
   157 | D:1      | 157 ||| CASTING Summon Small Mammal
   158 | D:1      | 158 ||| CASTING Summon Small Mammal
   234 | D:1      | 234 ||| CASTING Summon Small Mammal
   235 | D:1      | 235 ||| CASTING Summon Small Mammal
   240 | D:1      | Reached skill level 1 in Axes
   337 | D:1      | 337 ||| CASTING Summon Small Mammal
   338 | D:1      | 338 ||| CASTING Summon Small Mammal
   408 | D:1      | 408 ||| CASTING Summon Small Mammal
   409 | D:1      | 409 ||| CASTING Summon Small Mammal
   459 | D:1      | 459 ||| CASTING Summon Small Mammal
   460 | D:1      | 460 ||| CASTING Summon Small Mammal
   465 | D:1      | Reached skill level 1 in Fighting
   465 | D:1      | Reached XP level 2. HP: 23/23 MP: 0/3
   535 | D:1      | 535 ||| CASTING Summon Small Mammal
   536 | D:1      | 536 ||| CASTING Summon Small Mammal
   537 | D:1      | 537 ||| CASTING Summon Small Mammal
   576 | D:1      | 576 ||| Stepping ~*~*~tactically~*~*~ (hiding).
   678 | D:1      | 678 ||| Stepping ~*~*~tactically~*~*~ (hiding).
   780 | D:1      | 780 ||| Stepping ~*~*~tactically~*~*~ (hiding).
   786 | D:1      | 786 ||| CASTING Summon Small Mammal
   858 | D:1      | 858 ||| CASTING Summon Small Mammal
   859 | D:1      | 859 ||| CASTING Summon Small Mammal
   860 | D:1      | 860 ||| CASTING Summon Small Mammal
   905 | D:1      | 905 ||| CASTING Summon Small Mammal
   906 | D:1      | 906 ||| CASTING Summon Small Mammal
   907 | D:1      | 907 ||| CASTING Summon Small Mammal
   928 | D:1      | 928 ||| CASTING Summon Small Mammal
   929 | D:1      | 929 ||| CASTING Summon Small Mammal
   935 | D:1      | 935 ||| CASTING Summon Small Mammal
   957 | D:1      | 957 ||| Stepping ~*~*~tactically~*~*~ (stealth).
   963 | D:1      | 963 ||| CASTING Summon Small Mammal
  1128 | D:1      | 1128 ||| Stepping ~*~*~tactically~*~*~ (hiding).
  1130 | D:1      | 1130 ||| CASTING Summon Small Mammal
  1143 | D:1      | 1143 ||| Stepping ~*~*~tactically~*~*~ (hiding).
  1145 | D:1      | 1145 ||| Stepping ~*~*~tactically~*~*~ (hiding).
  1149 | D:1      | 1149 ||| CASTING Summon Small Mammal
  1150 | D:1      | 1150 ||| CASTING Summon Small Mammal
  1151 | D:1      | 1151 ||| CASTING Summon Small Mammal
  1155 | D:1      | Reached XP level 3. HP: 28/28 MP: 0/4
  1221 | D:1      | 1221 ||| CASTING Summon Small Mammal
  1222 | D:1      | 1222 ||| CASTING Summon Small Mammal
  1223 | D:1      | 1223 ||| CASTING Summon Small Mammal
  1224 | D:1      | 1224 ||| CASTING Summon Small Mammal
  1308 | D:1      | 1308 ||| CASTING Summon Small Mammal
  1309 | D:1      | 1309 ||| CASTING Summon Small Mammal
  1310 | D:1      | 1310 ||| CASTING Summon Small Mammal
  1311 | D:1      | 1311 ||| CASTING Summon Small Mammal
  1443 | D:1      | 1443 ||| CASTING Summon Small Mammal
  1444 | D:1      | 1444 ||| CASTING Summon Small Mammal
  1445 | D:1      | 1445 ||| CASTING Summon Small Mammal
  1446 | D:1      | 1446 ||| CASTING Summon Small Mammal
  1544 | D:1      | 1544 ||| CASTING Summon Small Mammal
  1545 | D:1      | 1545 ||| CASTING Summon Small Mammal
  1546 | D:1      | 1546 ||| CASTING Summon Small Mammal
  1547 | D:1      | 1547 ||| CASTING Summon Small Mammal
  1696 | D:1      | 1696 ||| UPGRADING to +0 leather armour.
  1706 | D:1      | 1706 ||| DROPPING +0 robe.
  1707 | D:1      | 1707 ||| DROPPING ring of wizardry.
  1708 | D:1      | 1708 ||| READING scroll labelled UXENLI XOVASM.
  1709 | D:1      | 1709 ||| READING 2 scrolls labelled MAUMMOT VUNANO.
  1713 | D:1      | 1713 ||| READING scroll labelled YHUOWO CAFUIME.
  1714 | D:1      | 1714 ||| DROPPING potion of magic.
  1721 | D:2      | 1721 ||| CASTING Summon Small Mammal
  1722 | D:2      | 1722 ||| STAIRDANCE
  1734 | D:2      | 1734 ||| CASTING Summon Small Mammal
  1735 | D:2      | 1735 ||| STAIRDANCE
  1750 | D:2      | 1750 ||| STAIRDANCE
  1839 | D:2      | 1839 ||| CASTING Summon Small Mammal
  1840 | D:2      | 1840 ||| CASTING Summon Small Mammal
  1841 | D:2      | 1841 ||| CASTING Summon Small Mammal
  1842 | D:2      | 1842 ||| CASTING Summon Small Mammal
  2056 | D:2      | 2056 ||| CASTING Summon Small Mammal
  2057 | D:2      | 2057 ||| CASTING Summon Small Mammal
  2058 | D:2      | 2058 ||| CASTING Summon Small Mammal
  2059 | D:2      | 2059 ||| CASTING Summon Small Mammal
  2105 | D:2      | 2105 ||| CASTING Summon Small Mammal
  2106 | D:2      | 2106 ||| CASTING Summon Small Mammal
  2107 | D:2      | 2107 ||| CASTING Summon Small Mammal
  2108 | D:2      | 2108 ||| CASTING Summon Small Mammal
  2156 | D:2      | 2156 ||| CASTING Summon Small Mammal
  2157 | D:2      | 2157 ||| CASTING Summon Small Mammal
  2158 | D:2      | 2158 ||| CASTING Summon Small Mammal
  2159 | D:2      | 2159 ||| CASTING Summon Small Mammal
  2201 | D:2      | 2201 ||| CASTING Summon Small Mammal
  2202 | D:2      | 2202 ||| CASTING Summon Small Mammal
  2203 | D:2      | 2203 ||| CASTING Summon Small Mammal
  2204 | D:2      | 2204 ||| CASTING Summon Small Mammal
  2268 | D:2      | Found a faded altar of an unknown god.
  2341 | D:2      | 2341 ||| CASTING Summon Small Mammal
  2342 | D:2      | 2342 ||| CASTING Summon Small Mammal
  2343 | D:2      | 2343 ||| CASTING Summon Small Mammal
  2344 | D:2      | 2344 ||| CASTING Summon Small Mammal
  2413 | D:2      | 2413 ||| CASTING Summon Small Mammal
  2414 | D:2      | 2414 ||| CASTING Summon Small Mammal
  2415 | D:2      | 2415 ||| CASTING Summon Small Mammal
  2416 | D:2      | 2416 ||| CASTING Summon Small Mammal
  2423 | D:2      | 2423 ||| CASTING Summon Small Mammal
  2456 | D:2      | 2456 ||| Stepping ~*~*~tactically~*~*~ (stealth).
  2488 | D:2      | 2488 ||| CASTING Summon Small Mammal
  2489 | D:2      | 2489 ||| CASTING Summon Small Mammal
  2490 | D:2      | 2490 ||| CASTING Summon Small Mammal
  2525 | D:2      | 2525 ||| CASTING Summon Small Mammal
  2526 | D:2      | 2526 ||| CASTING Summon Small Mammal
  2527 | D:2      | 2527 ||| CASTING Summon Small Mammal
  2528 | D:2      | 2528 ||| CASTING Summon Small Mammal
  2536 | D:2      | 2536 ||| CASTING Summon Small Mammal
  2543 | D:2      | 2543 ||| CASTING Summon Small Mammal
  2684 | D:2      | 2684 ||| CASTING Summon Small Mammal
  2685 | D:2      | 2685 ||| CASTING Summon Small Mammal
  2686 | D:2      | 2686 ||| CASTING Summon Small Mammal
  2736 | D:2      | 2736 ||| CASTING Summon Small Mammal
  2737 | D:2      | 2737 ||| CASTING Summon Small Mammal
  2738 | D:2      | 2738 ||| CASTING Summon Small Mammal
  2739 | D:2      | 2739 ||| CASTING Summon Small Mammal
  2748 | D:2      | 2748 ||| CASTING Summon Small Mammal
  2750 | D:2      | Reached XP level 4. HP: 36/36 MP: 0/5
  2802 | D:2      | 2802 ||| CASTING Summon Small Mammal
  2803 | D:2      | 2803 ||| CASTING Summon Small Mammal
  2804 | D:2      | 2804 ||| CASTING Summon Small Mammal
  2805 | D:2      | 2805 ||| CASTING Summon Small Mammal
  2806 | D:2      | 2806 ||| CASTING Summon Small Mammal
  2901 | D:2      | 2901 ||| CASTING Summon Small Mammal
  2902 | D:2      | 2902 ||| CASTING Summon Small Mammal
  2903 | D:2      | 2903 ||| CASTING Summon Small Mammal
  2906 | D:2      | 2906 ||| CASTING Summon Small Mammal
  2907 | D:2      | 2907 ||| CASTING Summon Small Mammal
  2963 | D:2      | 2963 ||| UPGRADING to +0 plate armour.
  2973 | D:2      | 2973 ||| DROPPING +0 leather armour.
  2974 | D:2      | 2974 ||| DRINKING 2 bubbling puce potions.
  2975 | D:2      | 2975 ||| DRINKING 3 metallic blue potions.
  2976 | D:2      | 2976 ||| DROPPING 2 potions of lignification.
  3263 | D:3      | 3263 ||| Stepping ~*~*~tactically~*~*~ (hiding).
  3266 | D:3      | 3266 ||| Stepping ~*~*~tactically~*~*~ (hiding).
  3589 | D:3      | Reached skill level 1 in Armour
  3795 | D:3      | 3795 ||| READING 2 scrolls labelled BODUHUZAER.
  3796 | D:3      | 3796 ||| READING scroll of enchant weapon.
  3796 | D:3      | 3796 ||| ENCHANTING +1 war axe.
  3797 | D:3      | 3797 ||| READING scroll labelled GILEEJ SUE.
  3798 | D:3      | 3798 ||| READING scroll labelled FERIUXY BATI.
  3911 | D:4      | HP: 7/36 [gnoll bouda/+0 club (6)]
  3911 | D:4      | Slain by a gnoll

Levels and vault maps discovered:
D:1:      matt_arrival_refuge, layout_basic, minmay_crystal_room, minmay_tripent
D:2:      layout_rooms, shapermc_ecumenical_altar_mp_highgroup
D:3:      layout_basic, wad_floor_pattern_untrapped, minmay_box_of_dots
D:4:      minmay_polygon_palace, layout_cave_pods,
          minmay_temple_entry_mini_moons, uniq_blork_the_orc

Skill      XL: |  1  2  3  4 |
---------------+-------------+-----
Axes           | 1 2 |  2.8
Fighting       | 1 2 |  2.0
Armour         | 1 |  1.0
Dodging        | |  1.7
Stealth        | |  2.1
Spellcasting   | |  1.7
Summonings     | |  3.6

Action                   |  1- 3 |  4- 6 || total
-------------------------+-------+-------++-------
Melee: War axe           |    82 |    27 ||   109
       Punch             |     1 |       ||     1
Throw: Javelin           |     7 |    11 ||    18
 Cast: Summon Small Mamm |    85 |    10 ||    95
  Use: Scroll            |     3 |     4 ||     7
       Potion            |       |     2 ||     2
 Stab: Distracted        |     1 |       ||     1
Armor: Robe              |    13 |       ||    13
       Leather armour    |     9 |     1 ||    10
       Plate armour      |       |    16 ||    16
Dodge: Dodged            |    48 |    12 ||    60

Table legend:
 A = Non-vault XP
 B = Vault XP
 C = Vault XP percentage of total XP
 D = Non-vault monster count
 E = Vault monster count
 F = Vault count percentage of total count
                 A         B        C        D         E       F
            +---------+---------+-------+---------+---------+-------
      Total |     127 |       5 |   3.8 |      49 |       3 |   5.8
            +---------+---------+-------+---------+---------+-------
        D:1 |      42 |       4 |   8.7 |      23 |       2 |   8.0
        D:2 |      53 |       0 |   0.0 |      18 |       0 |   0.0
        D:3 |      24 |       1 |   4.0 |       4 |       1 |  20.0
        D:4 |       8 |       0 |   0.0 |       4 |       0 |   0.0
            +---------+---------+-------+---------+---------+-------
